Barbaris, lawful female dwarven Valkyrie ------ |....-# -------- -------- |....|# |......|#####.......| |%...|# ----------- |......|# |.<....| ---.--### ..........| |......|# ##.......| ## # #|..........###### |......|# # |......| # ###|.........| # |.......#### --.----- ### #.....+....| ### -.-.----# # # #|.........| # -+------#################### # # #----------- ##.......|# # # # # # |......|# # ### # # # |......|# --------|---## # # ` |......|# #-.%......(.| # ### ----o----- |......-#####|..........| ######## # |........| ## --------# |..........| -.--.---- |.......d%#### ########### |........{.| |..)....| |.....*@d|### ------------ |.>.....| |........|# |.......| ---------- --------- Barbaris the Fighter Experience level: 6 Strength: 18/02 Dexterity: 11 Constitution: 18 Intelligence: 9 Wisdom: 11 Charisma: 8 Health: 0(66) Energy: 4(4) Def: 3 Gold: 864 Moves: 4050 Dungeon seed: flnZKVxSuBskxPOd Game ID: Barbaris_1502180183 Your Inventory: Coins $ - 864 gold pieces Weapons a - the blessed rustproof +1 Excalibur (weapon in hand) Armor e - an uncursed +3 small shield r - a blessed +0 orcish helm y - a cursed -1 ring mail (being worn) N - an uncursed +0 orcish helm (being worn) Comestibles c - 2 uncursed food rations i - an uncursed carrot J - an uncursed partly eaten food ration Spellbooks h - an uncursed spellbook of slow monster j - an uncursed spellbook of knock Potions m - an uncursed potion of gain energy C - an uncursed potion of see invisible I - an uncursed potion of paralysis Wands H - a wand of wishing (0:2) Tools d - an uncursed skeleton key o - an uncursed brass lantern (0:1183) Gems n - an uncursed worthless piece of yellowish brown glass q - an uncursed opal Spells and supernatural/magical abilities: Name Level Category Fail Memory W - pray for help -- divine ? -- Your skills at the end: Fighting Skills Weapon Skills dagger [Basic] long sword [Basic] Spellcasting Skills Final Attributes: You were piously aligned. You were cold resistant. You were level-drain resistant. You had automatic searching. You had infravision. You were stealthy. You were lucky. You are dead. Vanquished creatures: 4 wolves a dog a rock piercer a pony 3 yellow lights a gray ooze a little dog a floating eye a homunculus 2 kobold lords 7 hill orcs a dwarf zombie an iguana 2 acid blobs 2 gas spores a hobgoblin a cave spider a brown mold 2 yellow molds 2 green molds a garter snake 2 gnome zombies 4 geckos 7 jackals a fox a goblin 8 sewer rats 9 grid bugs 2 bats 5 lichens 11 newts 87 creatures vanquished. Voluntary challenges: You used a wielded weapon 102 times, starting on turn 78. You read items or engraved 6 times, starting on turn 1024. You never genocided any monsters. You never polymorphed an object. You never changed form. You used no wishes. You never split a pudding. You never wrote Elbereth's name. You never violated your personal moral code. Dungeon overview: The Dungeons of Doom: levels 1 to 7 Level 1 a fountain a long staircase Level 2 Level 3 an altar to Tyr, a fountain Level 4 a long staircase Level 5 a sink Level 6 Level 7 <- You were here a fountain History has recorded: On T:1 you entered the Dungeons of Doom to retrieve the Amulet of Yendor! On T:401 you reached level 2 of The Dungeons of Doom. On T:575 you advanced to experience level 2. On T:892 you reached level 3 of The Dungeons of Doom. On T:1120 you advanced to experience level 3. On T:1795 you advanced to experience level 4. On T:2158 you reached level 4 of The Dungeons of Doom. On T:2504 you reached level 5 of The Dungeons of Doom. On T:2543 you advanced to experience level 5. On T:3100 you reached level 6 of The Dungeons of Doom. On T:3602 you advanced to experience level 6. On T:3686 you reached level 7 of The Dungeons of Doom. Score breakdown: Gold: 864 ( 9990 points) Experience: 6 levels (12456 points) Exploration: 7 levels ( 14.29%) (10606 points) Discoveries: 5 items ( 2.03%) ( 4276 points) Valuables value: (no points given unless you survive) Artifact value: 4000 (12253 points) Variety of kills: 31 monsters ( 8.14%) ( 8557 points) Turncount: 4050 turns (-1043 points) Survival: died (score multiplied by 80%) Total score: 45676 Latest messages: The wolf bites! You hit the wolf! The wolf bites! You kill the wolf! You hit the wolf! The wolf bites! You kill the wolf! You hit the wolf! The wolf turns to flee! You hit the werewolf! The werewolf hits! You hit the werewolf! The werewolf reads a scroll of teleportation! You hear a wolf howling at the moon. You kill the wolf! You hit the wolf! The wolf bites! You hit the wolf! The wolf bites! (2x) You miss the wolf. The wolf bites! (2x) You die... Final status: Farvel Barbaris the Valkyrie, killed by a wolf... You died in The Dungeons of Doom on dungeon level 7 with 45676 points, and 864 pieces of gold, after 4050 moves. You were level 6 with a maximum of 66 hit points when you died.